TOP OF THE 1ST |
University of Georgia Bulldogs batting - Pitching for University of Maine Black Bears : LHP Gary Callender
|
Pitching: LHP Gary Callender
|
|
Batting: RHB Justin Szymczyk
|
0-0: Swinging Strike 0-1: Called Strike 0-2: Ball 1-2: Strikes out swinging
|
Batting: RHB Albert Rodriguez
|
0-0: Called Strike 0-1: Ball 1-1: Ball 2-1: Bunt missed! 2-2: Strikes out swinging
|
Batting: RHB Rodolfo Solis
|
0-0: SINGLE (Groundball, 6M, EV 100.0 MPH)
|
Batting: LHB Milton Yeo
|
0-0: Ball 1-0: Ball 2-0: Called Strike 2-1: Swinging Strike 2-2: Strikes out looking
|
Top of the 1st over - 0 runs, 1 hit, 0 errors, 1 left on base; University of Georgia 0 - University of Maine 0 |
BOTTOM OF THE 1ST |
University of Maine Black Bears batting - Pitching for University of Georgia Bulldogs : RHP Rich Gold
|
Pitching: RHP Rich Gold
|
|
Batting: RHB Justin Degon
|
0-0: Called Strike 0-1: Swinging Strike 0-2: Ball 1-2: Strikes out swinging
|
Batting: LHB Dave Aguilar
|
0-0: Ball 1-0: Ground out 1-3 (Groundball, 15S, EV 68.8 MPH)
|
Batting: LHB Taro Inamine
|
0-0: Ball 1-0: Called Strike 1-1: Ball 2-1: Foul Ball, location: 2F 2-2: Ball 3-2: Foul Ball, location: 2F 3-2: Strikes out swinging
|
Bottom of the 1st over - 0 runs, 0 hits, 0 errors, 0 left on base; University of Georgia 0 - University of Maine 0 |
TOP OF THE 2ND |
University of Georgia Bulldogs batting - Pitching for University of Maine Black Bears : LHP Gary Callender
|
Batting: LHB Cole Sanchez
|
0-0: Ball 1-0: Called Strike 1-1: TRIPLE (Flyball, 8RXD, EV 94.4 MPH)
|
Batting: LHB Andy Dyer
|
0-0: Ball 1-0: Foul Ball, location: 2F 1-1: Ball 2-1: Called Strike 2-2: Ball 3-2: Strikes out swinging
|
Batting: RHB Ed Howard
|
0-0: SINGLE (Groundball, 13, EV 74.4 MPH) (infield hit)
|
Batting: RHB James Warby
|
0-0: Foul Ball, location: 2F 0-1: Ball 1-1: Called Strike 1-2: Strikes out swinging
|
Batting: LHB Luis Mejia
|
0-0: Ball 1-0: Ball 2-0: Foul Ball, location: 2F 2-1: Foul Ball, location: 2F 2-2: Foul Ball, location: 2F 2-2: Strikes out swinging
|
Top of the 2nd over - 0 runs, 2 hits, 0 errors, 2 left on base; University of Georgia 0 - University of Maine 0 |
BOTTOM OF THE 2ND |
University of Maine Black Bears batting - Pitching for University of Georgia Bulldogs : RHP Rich Gold
|
Batting: SHB Mario Barajas
|
0-0: Called Strike 0-1: Ball 1-1: Ground out U3 (Groundball, 3, EV 86.2 MPH)
|
Batting: LHB John Bergeron
|
0-0: Ball 1-0: Foul Ball, location: 2F 1-1: Ball 2-1: Ball 3-1: Foul Ball, location: 2F 3-2: Strikes out swinging
|
Batting: LHB John Knox
|
0-0: Ball 1-0: Foul Ball, location: 2F 1-1: Foul Ball, location: 2F 1-2: Foul Ball, location: 2F 1-2: Strikes out swinging
|
Bottom of the 2nd over - 0 runs, 0 hits, 0 errors, 0 left on base; University of Georgia 0 - University of Maine 0 |
TOP OF THE 3RD |
University of Georgia Bulldogs batting - Pitching for University of Maine Black Bears : LHP Gary Callender
|
Batting: RHB Justin Szymczyk
|
0-0: Ball 1-0: Ground out 4-3 (Groundball, 4, EV 86.2 MPH)
|
Batting: RHB Albert Rodriguez
|
0-0: Ball 1-0: Swinging Strike 1-1: Called Strike 1-2: Strikes out looking
|
Batting: RHB Rodolfo Solis
|
0-0: Fly out, F7 (Flyball, 78S, EV 73.1 MPH)
|
Top of the 3rd over - 0 runs, 0 hits, 0 errors, 0 left on base; University of Georgia 0 - University of Maine 0 |
BOTTOM OF THE 3RD |
University of Maine Black Bears batting - Pitching for University of Georgia Bulldogs : RHP Rich Gold
|
Batting: RHB Rewa Havika
|
0-0: Ball 1-0: Ball 2-0: Ball 3-0: Called Strike 3-1: Called Strike 3-2: Ground out 1-6-3 (Groundball, 15S, EV 101.2 MPH)
|
Batting: RHB Scott Snyder
|
0-0: Ground out 3-1 (Groundball, 34, EV 84.4 MPH)
|
Batting: RHB Pita Arnurna
|
0-0: Ball 1-0: Swinging Strike 1-1: Called Strike 1-2: Ball 2-2: Ball 3-2: Strikes out swinging
|
Bottom of the 3rd over - 0 runs, 0 hits, 0 errors, 0 left on base; University of Georgia 0 - University of Maine 0 |
TOP OF THE 4TH |
University of Georgia Bulldogs batting - Pitching for University of Maine Black Bears : LHP Gary Callender
|
Batting: LHB Milton Yeo
|
0-0: Called Strike 0-1: Foul Ball, location: 2F 0-2: Ball 1-2: Strikes out swinging
|
Batting: LHB Cole Sanchez
|
0-0: Foul Ball, location: 2F 0-1: Foul Ball, location: 2F 0-2: Ball 1-2: TRIPLE (Line Drive, 8RXD, EV 109.4 MPH)
|
Batting: LHB Andy Dyer
|
0-0: Called Strike 0-1: Swinging Strike 0-2: Foul Ball, location: 2F 0-2: Ground out 5-3 (Groundball, 5L, EV 110.6 MPH)
|
Batting: RHB Ed Howard
|
0-0: Ball 1-0: Foul Ball, location: 2F 1-1: Foul Ball, location: 2F 1-2: Strikes out swinging
|
Top of the 4th over - 0 runs, 1 hit, 0 errors, 1 left on base; University of Georgia 0 - University of Maine 0 |
BOTTOM OF THE 4TH |
University of Maine Black Bears batting - Pitching for University of Georgia Bulldogs : RHP Rich Gold
|
Batting: RHB Justin Degon
|
0-0: Ground out U3 (Groundball, 3S, EV 81.9 MPH)
|
Batting: LHB Dave Aguilar
|
0-0: Ball 1-0: Ball 2-0: Called Strike 2-1: Swinging Strike 2-2: Ball 3-2: SINGLE (Groundball, 56D, EV 106.9 MPH)
|
Batting: LHB Taro Inamine
|
0-0: Ball 1-0: Ball Dave Aguilar steals 2nd base 2-0: Ball 3-0: Called Strike 3-1: Fly out, F8 (Flyball, 8RD, EV 108.8 MPH) Throwing error, E8 Dave Aguilar scores
|
Batting: SHB Mario Barajas
|
0-0: Called Strike 0-1: Ball 1-1: Foul Ball, location: 2F 1-2: Ball 2-2: Strikes out looking
|
Bottom of the 4th over - 1 run, 1 hit, 1 error, 0 left on base; University of Georgia 0 - University of Maine 1 |
TOP OF THE 5TH |
University of Georgia Bulldogs batting - Pitching for University of Maine Black Bears : LHP Gary Callender
|
Batting: RHB James Warby
|
0-0: Ball 1-0: Ball 2-0: Ball 3-0: Base on Balls
|
Batting: LHB Luis Mejia
|
0-0: Ball James Warby is caught stealing 2nd base 2-6 1-0: Ball 2-0: Foul Ball, location: 2F 2-1: Foul Ball, location: 2F 2-2: Ball 3-2: Strikes out swinging
|
Batting: RHB Justin Szymczyk
|
0-0: Ground out 5-3 (Groundball, 56, EV 93.8 MPH)
|
Top of the 5th over - 0 runs, 0 hits, 0 errors, 0 left on base; University of Georgia 0 - University of Maine 1 |
BOTTOM OF THE 5TH |
University of Maine Black Bears batting - Pitching for University of Georgia Bulldogs : RHP Rich Gold
|
Batting: LHB John Bergeron
|
0-0: Ball 1-0: Ball 2-0: Ball 3-0: Called Strike 3-1: Swinging Strike 3-2: Ground out U3 (Groundball, 34, EV 95.6 MPH)
|
Batting: LHB John Knox
|
0-0: Fly out, F7 (Flyball, 78S, EV 91.9 MPH)
|
Batting: RHB Rewa Havika
|
0-0: Called Strike 0-1: Ball 1-1: Ball 2-1: Swinging Strike 2-2: Foul Ball, location: 2F 2-2: Foul Ball, location: 2F 2-2: Ball 3-2: Strikes out swinging, 2-3 out at first.
|
Bottom of the 5th over - 0 runs, 0 hits, 0 errors, 0 left on base; University of Georgia 0 - University of Maine 1 |
TOP OF THE 6TH |
University of Georgia Bulldogs batting - Pitching for University of Maine Black Bears : LHP Gary Callender
|
Batting: RHB Albert Rodriguez
|
0-0: Fly out, F8 (Flyball, 8RD, EV 86.9 MPH)
|
Batting: RHB Rodolfo Solis
|
0-0: Foul Ball, location: 2F 0-1: Ball 1-1: Swinging Strike 1-2: Ground out 5-3 (Groundball, 56S, EV 76.9 MPH)
|
Batting: LHB Milton Yeo
|
0-0: Called Strike 0-1: SINGLE (Groundball, 34, EV 103.1 MPH)
|
Pitching: RHP Chance Crawford
|
|
Batting: LHB Cole Sanchez
|
0-0: 2-RUN HOME RUN (Line Drive, 89XD, EV 114.4 MPH), Distance : 448 ft
|
Batting: LHB Andy Dyer
|
0-0: Ball 1-0: Foul Ball, location: 2F 1-1: Foul Ball, location: 2F 1-2: Ball 2-2: Strikes out swinging
|
Top of the 6th over - 2 runs, 2 hits, 0 errors, 0 left on base; University of Georgia 2 - University of Maine 1 |
BOTTOM OF THE 6TH |
University of Maine Black Bears batting - Pitching for University of Georgia Bulldogs : RHP Rich Gold
|
Batting: RHB Scott Snyder
|
0-0: Ball 1-0: Foul Ball, location: 2F 1-1: Ball 2-1: Called Strike 2-2: Strikes out swinging
|
Batting: RHB Pita Arnurna
|
0-0: Ball 1-0: Foul Ball, location: 2F 1-1: Ground out 5-3 (Groundball, 56, EV 111.9 MPH)
|
Batting: RHB Justin Degon
|
0-0: Called Strike 0-1: Foul Ball, location: 2F 0-2: Foul Ball, location: 2F 0-2: Foul Ball, location: 2F 0-2: Ball 1-2: Strikes out swinging
|
Bottom of the 6th over - 0 runs, 0 hits, 0 errors, 0 left on base; University of Georgia 2 - University of Maine 1 |
TOP OF THE 7TH |
University of Georgia Bulldogs batting - Pitching for University of Maine Black Bears : RHP Chance Crawford
|
Batting: RHB Ed Howard
|
0-0: Ground out 6-3 (Groundball, 6, EV 76.9 MPH)
|
Batting: RHB James Warby
|
0-0: Foul Ball, location: 2F 0-1: Foul Ball, location: 2F 0-2: Strikes out swinging
|
Batting: LHB Luis Mejia
|
0-0: Foul Ball, location: 2F 0-1: Called Strike 0-2: Strikes out swinging
|
Top of the 7th over - 0 runs, 0 hits, 0 errors, 0 left on base; University of Georgia 2 - University of Maine 1 |
BOTTOM OF THE 7TH |
University of Maine Black Bears batting - Pitching for University of Georgia Bulldogs : RHP Rich Gold
|
Pitching: LHP Vinny Segarra
|
|
Batting: LHB Dave Aguilar
|
0-0: Ground out 6-3 (Groundball, 6S, EV 88.8 MPH)
|
Batting: LHB Taro Inamine
|
0-0: Called Strike 0-1: Swinging Strike 0-2: Ball 1-2: Strikes out swinging
|
Batting: SHB Mario Barajas
|
0-0: Called Strike 0-1: Called Strike 0-2: Foul Ball, location: 2F 0-2: Strikes out looking
|
Bottom of the 7th over - 0 runs, 0 hits, 0 errors, 0 left on base; University of Georgia 2 - University of Maine 1 |
TOP OF THE 8TH |
University of Georgia Bulldogs batting - Pitching for University of Maine Black Bears : RHP Chance Crawford
|
Batting: RHB Justin Szymczyk
|
0-0: Ball 1-0: Called Strike 1-1: Foul Ball, location: 2F 1-2: Ball 2-2: Ball 3-2: Base on Balls
|
Batting: RHB Albert Rodriguez
|
0-0: Bunted foul 0-1: Bunted foul 0-2: Ball 1-2: Foul Ball, location: 2F 1-2: Foul Ball, location: 2F 1-2: Ball 2-2: Foul Ball, location: 2F 2-2: Strikes out swinging
|
Batting: RHB Rodolfo Solis
|
0-0: Ball Justin Szymczyk is caught stealing 2nd base 2-4 1-0: Foul Ball, location: 2F 1-1: Called Strike 1-2: Ball 2-2: Ball 3-2: Strikes out swinging
|
Top of the 8th over - 0 runs, 0 hits, 0 errors, 0 left on base; University of Georgia 2 - University of Maine 1 |
BOTTOM OF THE 8TH |
University of Maine Black Bears batting - Pitching for University of Georgia Bulldogs : LHP Vinny Segarra
|
Batting: LHB John Bergeron
|
0-0: Called Strike 0-1: Ball 1-1: Fly out, F9 (Flyball, 9LS, EV 86.9 MPH)
|
Batting: LHB John Knox
|
0-0: Ball 1-0: Swinging Strike 1-1: Foul Ball, location: 2F 1-2: Strikes out swinging
|
Batting: RHB Rewa Havika
|
0-0: Called Strike 0-1: Ball 1-1: Ball 2-1: Foul Ball, location: 2F 2-2: Strikes out swinging
|
Bottom of the 8th over - 0 runs, 0 hits, 0 errors, 0 left on base; University of Georgia 2 - University of Maine 1 |
TOP OF THE 9TH |
University of Georgia Bulldogs batting - Pitching for University of Maine Black Bears : RHP Chance Crawford
|
Batting: LHB Milton Yeo
|
0-0: Ball 1-0: Ball 2-0: Foul Ball, location: 2F 2-1: Ground out 4-3 (Groundball, 4, EV 111.2 MPH)
|
Batting: LHB Cole Sanchez
|
0-0: Ball 1-0: Foul Ball, location: 2F 1-1: Swinging Strike 1-2: Foul Ball, location: 2F 1-2: Strikes out swinging
|
Batting: LHB Andy Dyer
|
0-0: Ball 1-0: Called Strike 1-1: Foul Ball, location: 2F 1-2: Foul Ball, location: 2F 1-2: Strikes out swinging
|
Top of the 9th over - 0 runs, 0 hits, 0 errors, 0 left on base; University of Georgia 2 - University of Maine 1 |
BOTTOM OF THE 9TH |
University of Maine Black Bears batting - Pitching for University of Georgia Bulldogs : LHP Vinny Segarra
|
Pitching: RHP Bill Maher
|
|
Now at 1B: Sloan Rayner
|
|
Pinch Hitting: LHB Ed Leighton
|
0-0: Foul Ball, location: 2F 0-1: Ball 1-1: Swinging Strike 1-2: Ball 2-2: Foul Ball, location: 2F 2-2: Strikes out swinging
|
Batting: RHB Pita Arnurna
|
0-0: Foul Ball, location: 2F 0-1: Ball 1-1: Called Strike 1-2: Strikes out looking
|
Batting: RHB Justin Degon
|
0-0: Ball 1-0: SINGLE (Line Drive, 9S, EV 105.6 MPH)
|
Batting: LHB Dave Aguilar
|
0-0: Ground out 4-3 (Groundball, 4, EV 110.0 MPH)
|
Bottom of the 9th over - 0 runs, 1 hit, 0 errors, 1 left on base; University of Georgia 2 - University of Maine 1 |
|